 Dungeon Crawl Stone Soup version 0.30-a0-924-g0ad0bf95bc (webtiles) character file.

Game seed: 8450441757248502082

31 mopl the Magician (level 3, 0/21 HPs)
             Began as an Octopode Hedge Wizard on Mar 22, 2023.
             Slain by Jessica
             ... wielding a +2 dagger of flaming
              (1 damage)
             ... on level 3 of the Dungeon.
             The game lasted 00:01:58 (1106 turns).

mopl the Magician (Octopode Hedge Wizard)           Turns: 1106, Time: 00:01:58

Health: 0/21       AC:  1    Str:  9    XL:     3   Next: 22%
Magic:  3/7        EV: 13    Int: 18    God:
Gold:   125        SH:  0    Dex: 11    Spells: 3/8 levels left

rFire   . . .      SeeInvis .    a - +0 dagger
rCold   . . .      Faith    .    (no shield)
rNeg    . . .      Spirit   .    b - +0 hat
rPois   .          Reflect  .    (no amulet)
rElec   .          Rampage  .    (no ring)
rCorr   .                        (no ring)
Will    .....                    (no ring)
Stlth   +++                      (no ring)
HPRegen 0.23/turn                (no ring)
MPRegen 0.10/turn                (no ring)
                                 (no ring)
                                 (no ring)

@: slowed, very slow
A: almost no armour, amphibious, 8 rings, camouflage 1, gelatinous body 1,
(nimble swimmer 1), tentacles
a: no special abilities


You were on level 3 of the Dungeon.
You visited 1 branch of the dungeon, and saw 3 of its levels.

You collected 125 gold pieces.

Inventory:

Hand Weapons
 a - a +0 dagger (weapon)
Missiles
 m - 2 poisoned darts
Armour
 b - a +0 hat (worn)
Jewellery
 j - a ring of ice
 s - a ring of resist corrosion
Wands
 n - a wand of iceblast (8)
Scrolls
 d - a scroll of magic mapping {unknown}
 e - 3 scrolls of enchant armour {unknown}
 f - 2 scrolls of teleportation {unknown}
 g - a scroll of blinking {unknown}
 i - 3 scrolls of identify {unknown}
 k - 4 scrolls of immolation {unknown}
 o - a scroll of silence {unknown}
 q - a scroll of fear {unknown}
Potions
 c - a potion of magic
 h - a potion of flight {unknown}
 l - a potion of berserk rage {unknown}
 p - a potion of invisibility {unknown}
 r - a potion of mutation {unknown}
 t - a potion of lignification {unknown}
 u - a potion of curing {unknown}


   Skills:
 - Level 2.0 Dodging
 - Level 2.6 Stealth
 + Level 3.3 Spellcasting
 + Level 1.8 Conjurations
 - Level 1.0 Summonings
 + Level 1.9 Translocations


You had 3 spell levels left.
You knew the following spells:

 Your Spells              Type           Power      Damage    Failure   Level
a - Magic Dart            Conj           36%        1d4       8%          1
b - Searing Ray           Conj           18%        2d5       11%         2
e - Blink                 Tloc           18%        N/A       11%         2

Your spell library contained the following spells:

 Spells                   Type           Power      Damage    Failure   Level
 Slow                     Hex            12%        N/A       16%         1
 Call Imp                 Summ           6%         N/A       16%         2
 Cigotuvi's Dreadful Rot  Necr/Pois/Air  6%         N/A       24%         2
 Dazzling Flash           Conj/Hex       12%        N/A       32%         3
 Mephitic Cloud           Conj/Pois/Air  5%         N/A       36%         3
 Fulminant Prism          Conj/Hex       3%         3d5       71%         4
 Agony                    Necr           3%         N/A       99%         5
 Silence                  Hex/Air        1%         N/A       99%         5


Dungeon Overview and Level Annotations

Branches:
Dungeon (3/15)

Altars:
Qazlal

Shops:
D:1 (

Portals:
Sewer: D:3

Annotations:
D:3 Jessica


Innate Abilities, Weirdness & Mutations

You cannot wear most types of armour.
You are amphibious.
You can wear up to eight rings at the same time.
Your skin changes colour to match your surroundings (Stealth+).
Your rubbery body absorbs attacks. (AC +1, EV +1)
((You are camouflaged when in or above water. (Stealth+)))
You have tentacles for arms and can constrict up to eight enemies at once.


Message History

A worm and a ball python come into view.
Found a smoky black potion.
Found a glowing drain.
You enter the shallow water.
Jessica the Apprentice Sorceress comes into view.
She is wielding a +2 dagger of flaming.
Found 6 gold pieces.
Jessica shouts!
The ball python hisses angrily.
A hobgoblin comes into view.
Found 14 gold pieces.
The hobgoblin shouts!
You barely miss the ball python. You grab the ball python.
You squeeze the ball python.
The ball python is moderately wounded.
You constrict the ball python. The ball python misses you. x3
The ball python barely misses you.
You hit the ball python. You squeeze the ball python.
You kill the ball python!
The worm bites you!
You see here a ball python corpse.
The worm bites you!
* * * LOW HITPOINT WARNING * * *
Jessica casts a spell at you.
You feel yourself slow down.
You hear the rusting of a drain.
The quokka barely misses you. x2
The quokka bites you but does no damage.
The quokka closely misses you. The quokka bites you.
* * * LOW HITPOINT WARNING * * *
Jessica mumbles some strange words.
Jessica blinks!
The quokka splashes around in the water.
You hit Jessica. You grab Jessica.
Jessica is moderately wounded.
You constrict Jessica, but do no damage.
Jessica hits you with a +2 dagger of flaming.
* * * LOW HITPOINT WARNING * * *
Jessica burns you.
You die...

# ##...............
.........# #
##.....#.#.#..#
########.# #
##...........# #.# #
##..##†#.#.## #.# #
##.##§...!##### #.# #
#.......~~...# ##.# #
#.##~~.g≈##..#######..#
#
.>.##~~wr≈##............
### .....~~..@..~≈.#
######..#
..####..###.~~..@..≈~.#
#..# ........
...≈≈..∩..~.... ###...
..####.
##.≈~.....~~.#.####.#.##
..#
#.~~.....≈~..........#
..###
....##~~~~~##$###.##.#.#
..#.# .###. #~~~~~# .#
#......## ...# ..r .
....... . ####..... ..##
.. ######


You could see a worm, Jessica, a quokka and a hobgoblin.

Vanquished Creatures
  An adder (D:2)
  A river rat (D:3)
  2 ball pythons
  2 bats (D:1)
  2 giant cockroaches (D:1)
  2 hobgoblins (D:2)
  A frilled lizard (D:1)
  2 kobolds (D:1)
  A rat (D:2)
14 creatures vanquished.

Notes
Turn   | Place    | Note
-------+----------+-------------------------------------------
     0 | D:1      | mopl the Octopode Hedge Wizard began the quest for the Orb.
     0 | D:1      | Reached XP level 1. HP: 11/11 MP: 4/4
   153 | D:1      | Found Mienit's Weapon Boutique.
   199 | D:1      | Reached XP level 2. HP: 17/17 MP: 6/6
   493 | D:2      | Learned a level 2 spell: Blink
   496 | D:2      | Learned a level 2 spell: Searing Ray
   923 | D:3      | Found a stormy altar of Qazlal.
  1084 | D:3      | Reached XP level 3. HP: 21/21 MP: 1/7
  1090 | D:3      | Found a glowing drain.
  1091 | D:3      | Noticed Jessica
  1106 | D:3      | HP: 1/21 [Jessica/+2 dagger of flaming (3)]
  1106 | D:3      | Slain by Jessica

Illustrated notes

Levels and vault maps discovered:
D:1:      nzn_arrival_crosshair, layout_rooms, serial_shops,
          nicolae_shop_waterfront
D:2:      layout_basic, minmay_statues_item
D:3:      layout_loops_ring, old_standard_altar, cheibrodos_sewer_entry_sluice,
          uniq_jessica

Action                     || total
---------------------------++-------
  Melee: Dagger            ||    25
         Tentacles         ||     8
         Constrict         ||     7
   Cast: Magic Dart        ||     3
         Searing Ray       ||     1
   Stab: Sleeping          ||     5
 Armour: Skin              ||     3
  Dodge: Dodged            ||    20

Table legend: (Time is in decaauts)
 A = Elapsed time spent in this place.
 B = Non-inter-level travel time spent in this place.
 C = Inter-level travel time spent in this place.
 D = Time resting spent in this place.
 E = Time spent auto-exploring this place.
 F = Levels seen in this place.
 G = Mean time per level.
                   A        B        C        D        E       F      G
               +--------+--------+--------+--------+--------+-----+--------+
         Total |   1107 |   1084 |     23 |      0 |    758 |   3 |  369.0 |
       Dungeon |   1107 |   1084 |     23 |      0 |    758 |   3 |  369.0 |
               +--------+--------+--------+--------+--------+-----+--------+

Top non-repeatable levels by time:
     D:2: 564 daAuts
     D:1: 335 daAuts
     D:3: 207 daAuts
